 Dungeon Crawl Stone Soup version 0.31.0-11-ge490571c62 (webtiles) character file.

Game seed: 11155104832647906989

257 qw the Ducker (level 5, -1/26 HPs)
             Began as a Spriggan Hunter on Feb 4, 2024.
             Slain by an orc
             ... wielding a +2 hand axe of venom
              (3 damage)
             ... on level 6 of the Dungeon.
             The game lasted 00:00:07 (1731 turns).

qw the Ducker (Spriggan Hunter)                     Turns: 1731, Time: 00:00:07

Health: -1/26      AC:  2    Str:  7    XL:     5   Next: 93%
Magic:  6/6        EV: 22    Int: 11    God:
Gold:   114        SH:  0    Dex: 20    Spells: 4/4 levels left

rFire   . . .        a - +0 shortbow
rCold   . . .        (shield currently unavailable)
rNeg    . . .        c - +0 robe
rPois   .            (helmet restricted)
rElec   .            (no cloak)
rCorr   .            (gloves unavailable)
SInv    +            (boots unavailable)
Will    .....        (no amulet)
Stlth   ++           (no ring)
HPRegen 0.24/turn    (no ring)
MPRegen 0.10/turn

%: no passive effects
@: lethally poisoned (-1 -> -3), very quick
A: very small, no large weapons, unfitting armour, see invisible, speed 3
a: no special abilities


You were on level 6 of the Dungeon.
You visited 1 branch of the dungeon, and saw 4 of its levels.

You collected 114 gold pieces.


Innate Abilities, Weirdness & Mutations

You are very small and have problems with some larger weapons.
You are too small for most types of armour.
You have supernaturally acute eyesight. (SInv)
You cover ground extremely quickly. (Speed+++)


   Skills:
 + Level 1.9 Fighting
 - Level 5.0 Ranged Weapons
 - Level 7.0 Dodging
 - Level 1.5 Stealth


You had 4 spell levels left.
You didn't know any spells.
Your spell library was empty.

Inventory:

Hand Weapons
 a - a +0 shortbow (weapon)
Armour
 c - a +0 robe (worn)
Jewellery
 b - a ring of fire
Potions
 d - a potion of lignification {unknown}
 e - a potion of brilliance {unknown}

Dungeon Overview and Level Annotations

Branches:
Dungeon (3/15)

Altars:

Annotations:
D:2 1 runed translucent door, Crazy Yiuf


Message History

The orc wizard misses you. The orc misses you.
You shoot an arrow. The arrow hits the orc wizard.
The orc wizard is lightly wounded.
The orc misses you.
The orc wizard mumbles some strange words.
The orc wizard flickers and vanishes for a moment.
You shoot an arrow. The arrow hits the orc wizard!
The orc wizard is severely wounded.
The orc hits you with a +2 hand axe of venom.
You are poisoned.
The orc wizard misses you.
You shoot an arrow.
The arrow closely misses the orc wizard.
You feel very sick. The orc misses you.
The orc wizard hits you with a +0 dagger.
The orc closely misses you. The orc wizard closely misses you.
You shoot an arrow. The arrow hits the orc wizard.
The orc wizard is almost dead.
You feel very sick. The orc wizard barely misses you.
The orc barely misses you.
You shoot an arrow.
The arrow hits the orc wizard but does no damage.
The orc wizard is almost dead.
You feel very sick. The orc wizard completely misses you. The orc misses you.
You shoot an arrow. The arrow barely misses the orc wizard.
You feel sick.
The orc wizard gestures at you while chanting.
The magic dart hits you. The orc completely misses you.
You shoot an arrow.
The arrow closely misses the orc wizard.
You feel sick.
The orc wizard points at you and mumbles some strange words.
The puff of flame misses you. The orc misses you.
You shoot an arrow.
The arrow closely misses the orc wizard.
You feel sick.
The orc hits you with a +2 hand axe of venom.
You die...

########
#ooo...#
#@# #.#
#.# #.#
#.# #.#
#.. #.#
#..


You could see an orc wizard (invisible) and 2 orcs.

Vanquished Creatures
  Sigmund (D:2)
  3 adders (D:2)
  2 dart slugs (D:1)
  A ribbon worm (D:2)
  An orc (D:6)
  5 endoplasms
  A giant cockroach (D:1)
  4 goblins
  4 hobgoblins (D:1)
  4 jackals
  3 quokkas
  3 ball pythons
  11 bats
  5 frilled lizards
  4 kobolds
  A rat (D:1)
53 creatures vanquished.

Notes
Turn   | Place    | Note
-------+----------+-------------------------------------------
     0 | D:1      | qw the Spriggan Hunter began the quest for the Orb.
     0 | D:1      | Reached XP level 1. HP: 10/10 MP: 2/2
     0 | D:1      | 0 ||| qw: Version: 0.3-a-160-g6735b56
     0 | D:1      | 0 ||| qw: Game counter: 4742
     0 | D:1      | 0 ||| qw: Melee chars always use a shield: true
     0 | D:1      | 0 ||| qw: God list: Okawaru
     0 | D:1      | 0 ||| qw: Allow faded altars: false
     0 | D:1      | 0 ||| qw: Do Orc after clearing Dungeon:15 true
     0 | D:1      | 0 ||| qw: Do second Lair branch before Depths: true
     0 | D:1      | 0 ||| qw: Lair rune preference: random
     0 | D:1      | 0 ||| qw: Goals: Normal
     0 | D:1      | 0 ||| PLANNING D:1-11
    70 | D:1      | Reached skill level 3 in Dodging
   157 | D:1      | Reached XP level 2. HP: 9/14 MP: 3/3
   189 | D:1      | Reached skill level 4 in Dodging
   370 | D:1      | Reached XP level 3. HP: 18/18 MP: 4/4
   790 | D:1      | 790 ||| READING scroll labelled VEM LADGHEDUSIA.
   823 | D:1      | 823 ||| READING scroll labelled JUGAKHLA NIRE.
   824 | D:1      | 824 ||| READING scroll labelled IFOONAJESOPN.
   825 | D:1      | 825 ||| DROPPING scroll of butterflies.
   861 | D:2      | 861 ||| STAIRDANCE
   869 | D:2      | 869 ||| STAIRDANCE
   898 | D:2      | 898 ||| STAIRDANCE
  1093 | D:2      | Noticed Sigmund
  1103 | D:2      | Killed Sigmund
  1104 | D:2      | Reached skill level 7 in Dodging
  1104 | D:2      | Reached XP level 4. HP: 12/22 MP: 5/5
  1104 | D:2      | Reached XP level 5. HP: 13/25 MP: 6/6
  1367 | D:2      | Found a runed translucent door.
  1368 | D:2      | Noticed Crazy Yiuf
  1449 | D:2      | 1449 ||| DROPPING +2 sling of draining.
  1711 | D:3      | You fall into a shaft and drop 3 floors!
  1729 | D:6      | HP: 5/26 [orc wizard/magic dart (3)]
  1731 | D:6      | HP: 2/26 [poisoned by an orc]
  1731 | D:6      | Slain by an orc

Levels and vault maps discovered:
D:1:      kennysheep_arrival_seaside, layout_basic
D:2:      layout_loops_cross, kennysheep_generic_room_13, uniq_sigmund,
          uniq_crazy_yiuf_cottage
D:3:      layout_basic, nicolae_hepliaklqana_hippocampus,
          mainiacjoe_overflow_chevrons
D:6:      layout_basic, lemuel_crystal_altar, nicolae_qazlal_eye_of_the_storm,
          grunt_ministairs_4, mrwooster_statue_mirror, minivault_27,
          corexii_leaking_fountain, lightli_corner_chamber

Skill      XL: |  1  2  3 |
---------------+----------+-----
Dodging        | 3 4 7 |  7.0
Ranged Weapons | 5 |  5.0
Fighting       | |  1.9
Stealth        | |  1.5

Action                     |  1- 3 |  4- 6 || total
---------------------------+-------+-------++-------
   Fire: Shortbow          |   106 |    69 ||   175
    Use: Scroll            |     3 |       ||     3
 Armour: Robe              |    15 |    15 ||    30
  Dodge: Dodged            |    52 |    54 ||   106

Table legend:
 A = Non-vault XP
 B = Vault XP
 C = Vault XP percentage of total XP
 D = Non-vault monster count
 E = Vault monster count
 F = Vault count percentage of total count
                 A         B        C        D         E       F
            +---------+---------+-------+---------+---------+-------
      Total |     125 |     243 |  66.0 |      52 |       1 |   1.9
            +---------+---------+-------+---------+---------+-------
        D:1 |      56 |       0 |   0.0 |      34 |       0 |   0.0
        D:2 |      66 |     243 |  78.6 |      17 |       1 |   5.6
        D:6 |       3 |       0 |   0.0 |       1 |       0 |   0.0
            +---------+---------+-------+---------+---------+-------
